 Dungeon Crawl Stone Soup version 0.30-a0-743-gbfdf073431 (webtiles) character file.

Game seed: 6005699881547840250

1642 timneilson the Covered (level 8, -10/73 HPs)
             Began as a Gargoyle Fighter on Feb 5, 2023.
             Mangled by a komodo dragon (17 damage)
             ... on level 6 of the Dungeon.
             The game lasted 00:10:35 (4928 turns).

timneilson the Covered (Gargoyle Fighter)           Turns: 4928, Time: 00:10:36

Health: -10/73     AC: 18    Str: 19    XL:     8   Next: 99%
Magic:  8/8        EV:  8    Int: 10    God:
Gold:   394        SH:  6    Dex: 11    Spells: 7/7 levels left

rFire   + . .      SeeInvis .    a - +1 long sword (spect)
rCold   + . .      Faith    .    c - +1 buckler
rNeg    + . .      Spirit   .    g - +0 chain mail
rPois   ∞          Reflect  .    n - +0 helmet
rElec   +          Harm     .    k - scarf {rC+ rF+}
rCorr   .          Rampage  .    (no gloves)
Will    .....                    h - +0 pair of boots Stlth
                                 v - amulet of the acrobat
HPRegen 0.32/turn                (no ring)
MPRegen 0.11/turn                (no ring)

@: berserking, very quick
A: sickness immunity, AC +5, negative energy resistance 1, electricity
resistance, torment resistance 1, petrification resistance
a: no special abilities


You were on level 6 of the Dungeon.
You visited 1 branch of the dungeon, and saw 6 of its levels.

You collected 394 gold pieces.

Inventory:

Hand Weapons
 a - a +1 spectral long sword (weapon)
Armour
 c - a +1 buckler (worn)
 g - a +0 chain mail (worn)
 h - a +0 pair of boots (worn)
 j - a +0 plate armour
 k - a scarf of resistance (worn)
 n - a +0 helmet (worn)
Jewellery
 v - an amulet of the acrobat (around neck)
Wands
 d - a wand of digging (9)
 e - a wand of polymorph (7)
Scrolls
 f - 2 scrolls of enchant armour
 l - a scroll of identify
 q - a scroll of blinking
 s - 2 scrolls of teleportation
 t - 3 scrolls of butterflies
 w - a scroll of enchant weapon
Potions
 b - 2 potions of mutation
 i - 2 potions of flight
 m - a potion of cancellation
 p - a potion of lignification {unknown}
 r - a potion of magic {unknown}
 u - 2 potions of curing {unknown}


   Skills:
 + Level 5.1 Fighting
 * Level 5.1 Long Blades
 * Level 6.8 Armour
 + Level 2.9 Dodging
 * Level 6.8 Shields
 + Level 1.7 Evocations


You had 7 spell levels left.
You didn't know any spells.
Your spell library contained the following spells:

 Spells                   Type           Power      Damage    Failure   Level
 Petrify                  Tmut/Erth      0%         N/A       100%        4
 Irradiate                Conj/Tmut      0%         3d11      100%        5
 Sublimation of Blood     Necr           Unusable   N/A       N/A         2

Dungeon Overview and Level Annotations

Branches:
Dungeon (6/15)
 Temple: D:4-7

Altars:
Elyvilon
Ru
Wu Jian

Shops:
D:2 (   D:4 [   D:5 :=[:


Innate Abilities, Weirdness & Mutations

You are immune to sickness and miasma.
Your stone body is resilient. (AC +5)
You are immune to poison.
You resist negative energy. (rN+)
You are resistant to electric shocks. (rElec)
You are resistant to unholy torment.
You are immune to petrification.


Message History

You slash the scorpion!
You kill the scorpion!
Found a stone staircase leading down.
d - a wand of digging (9)
l - a scroll of identify You now have enough gold to buy an amulet of regeneration on D:5.
You can access your shopping list by pressing '$'.
You now have 394 gold pieces (gained 12).
There is a stone staircase leading down here.
A komodo dragon comes into view.
The komodo dragon hisses angrily.
You hear a bark!
A hound comes into view.
You hear two shouts!
You hit the komodo dragon.
The komodo dragon is lightly wounded.
Your +1 spectral long sword hits the komodo dragon.
The komodo dragon barely misses you. You block the komodo dragon's attack.
You barely miss the komodo dragon.
The komodo dragon is lightly wounded.
Your +1 spectral long sword hits the komodo dragon.
The komodo dragon bites you!
You barely miss the komodo dragon.
The komodo dragon is moderately wounded.
Your +1 spectral long sword barely misses the komodo dragon.
The komodo dragon hisses menacingly.
The komodo dragon bites you!
You barely miss the komodo dragon.
The komodo dragon is moderately wounded.
Your +1 spectral long sword hits the komodo dragon!
You block the komodo dragon's attack.
You barely miss the komodo dragon.
The komodo dragon is severely wounded.
Your +1 spectral long sword hits the komodo dragon.
The komodo dragon bites you!!
* * * LOW HITPOINT WARNING * * *
The hound pauses to sniff the ground.
It was a potion of berserk rage.
A red film seems to cover your vision as you go berserk!
You feel yourself moving faster!
You feel mighty! The komodo dragon bites you!
You die...

####### .....#
#.#.#.#§###
.....hl@..#
#+############.#
........# ###.#
#.......# #...#
####.......# #.###
...........# #.#
...........#####.#
.................#
............######


You could see a komodo dragon and a hound.

Vanquished Creatures
  A water moccasin (D:5)
  5 ice beasts
  An ogre (D:6)
  Blork the orc (D:6)
  2 scorpions
  2 hounds
  6 orc priests
  Natasha (thrice) (D:2)
  Terence (D:2)
  4 iguanas (D:5)
  6 orc wizards
  Robin (D:2)
  3 gnolls (D:5)
  7 adders
  2 ufetubi
  2 worms (D:2)
  4 dart slugs
  13 orcs
  A bat skeleton (D:2)
  A bat zombie (D:2)
  3 endoplasms
  4 giant cockroaches
  17 goblins
  6 hobgoblins
  7 jackals
  5 kobolds
  3 quokkas
  9 ball pythons
  A ball python skeleton (D:2)
  3 bats
  5 frilled lizards
  A quokka zombie (D:2)
  7 rats
137 creatures vanquished.

Notes
Turn   | Place    | Note
-------+----------+-------------------------------------------
     0 | D:1      | timneilson the Gargoyle Fighter began the quest for the
                  | Orb.
     0 | D:1      | Reached XP level 1. HP: 14/14 MP: 1/1
   150 | D:1      | Reached XP level 2. HP: 17/19 MP: 2/2
   365 | D:1      | Reached XP level 3. HP: 19/23 MP: 3/3
   701 | D:1      | Found a faded altar of an unknown god.
   800 | D:2      | Found a sacrificial altar of Ru.
   848 | D:2      | Noticed Terence
   865 | D:2      | Killed Terence
   866 | D:2      | Reached XP level 4. HP: 19/28 MP: 4/4
   987 | D:2      | Noticed Natasha
   994 | D:2      | Killed Natasha
  1071 | D:2      | Noticed Natasha
  1079 | D:2      | Killed Natasha
  1080 | D:2      | Reached XP level 5. HP: 23/33 MP: 5/5
  1081 | D:2      | Found Wekurib's Weapon Emporium.
  1146 | D:2      | Noticed Natasha
  1160 | D:2      | Killed Natasha
  1161 | D:2      | Reached skill level 1 in Dodging
  1705 | D:2      | Noticed Robin
  1754 | D:2      | Killed Robin
  1880 | D:3      | Found a white marble altar of Elyvilon.
  2032 | D:3      | Reached XP level 6. HP: 32/38 MP: 6/6
  2920 | D:4      | Reached skill level 5 in Armour
  2920 | D:4      | Reached skill level 5 in Shields
  3032 | D:4      | Found Kellod's Armour Shop.
  3215 | D:4      | Reached XP level 7. HP: 43/43 MP: 7/7
  3222 | D:4      | You fall into a shaft and drop 1 floor!
  3222 | D:5      | Entered Level 5 of the Dungeon
  3697 | D:5      | Found Tioreus's Book Emporium.
  3701 | D:5      | Found Enozacoi's Jewellery Emporium.
  3702 | D:5      | Found Ynitsut's Armour Emporium.
  3704 | D:5      | Found Ojou's Book Emporium.
  3922 | D:5      | Reached XP level 8. HP: 28/48 MP: 8/8
  4313 | D:5      | Found an ornate altar of the Wu Jian Council.
  4358 | D:5      | Reached skill level 1 in Evocations
  4786 | D:6      | Noticed Blork the orc
  4793 | D:6      | Killed Blork the orc
  4794 | D:6      | Reached skill level 5 in Fighting
  4824 | D:6      | Reached skill level 5 in Long Blades
  4921 | D:6      | Noticed a komodo dragon
  4928 | D:6      | Mangled by a komodo dragon

Illustrated notes

Levels and vault maps discovered:
D:1:      moated_graveyard_arrival, layout_basic,
          shapermc_ecumenical_altar_mp_vishouse
D:2:      layout_loops_cross, serial_undead, serial_undead_f, serial_undead_d,
          serial_undead_f, serial_undead_b, basic_altar, serial_shops,
          nicolae_shop_stone, uniq_robin, uniq_natasha, uniq_terence
D:3:      layout_basic, mainiacjoe_overflow_concentric_impassable
D:4:      layout_loops_ring, serial_shops, kennysheep_mini_moat
D:5:      layout_gridville, kennysheep_mini, minmay_shop_grid_forest,
          dreamdust_princess_corridor
D:6:      minmay_general_purpose_star, layout_basic,
          minmay_temple_entry_glassed_door, hangedman_minor_gate_pass,
          uniq_blork_the_orc, uniq_pikel, uniq_grinder

Skill      XL: |  1  2  3  4  5  6  7  8 |
---------------+-------------------------+-----
Long Blades    | 2 3 4 5 |  5.1
Armour         | 4 5 6 |  6.8
Shields        | 4 5 6 |  6.8
Dodging        | 1 2 |  2.9
Fighting       | 4 5 |  5.1
Evocations     | 1 |  1.7

Action                     |  1- 3 |  4- 6 |  7- 9 || total
---------------------------+-------+-------+-------++-------
  Melee: Long sword        |   122 |   276 |   190 ||   588
    Use: Scroll            |     4 |     7 |     4 ||    15
         Potion            |       |       |     3 ||     3
 Armour: Scale mail        |    72 |       |       ||    72
         Chain mail        |       |   228 |   146 ||   374
  Dodge: Dodged            |    62 |   109 |    77 ||   248
  Block: Buckler           |    27 |    71 |    74 ||   172

Table legend: (Time is in decaauts)
 A = Elapsed time spent in this place.
 B = Non-inter-level travel time spent in this place.
 C = Inter-level travel time spent in this place.
 D = Time resting spent in this place.
 E = Time spent auto-exploring this place.
 F = Levels seen in this place.
 G = Mean time per level.
                   A        B        C        D        E       F      G
               +--------+--------+--------+--------+--------+-----+--------+
         Total |   5109 |   4974 |    135 |     63 |   3456 |   6 |  851.5 |
       Dungeon |   5109 |   4974 |    135 |     63 |   3456 |   6 |  851.5 |
               +--------+--------+--------+--------+--------+-----+--------+

Top non-repeatable levels by time:
     D:5: 1189 daAuts
     D:2: 1140 daAuts
     D:3: 919 daAuts
     D:1: 827 daAuts
     D:4: 725 daAuts
     D:6: 307 daAuts
